 Dungeon Crawl Stone Soup version 0.16.0-12-g7215832 (webtiles) character file.

533780 dysrexia the Tengu Blade (level 25, -2/164 HPs)
             Began as a Tengu Berserker on Mar 17, 2015.
             Was the Champion of Trog.
             Splashed by an acid blob's acid (6 damage)
             ... while paralysed by a great orb of eyes
             ... on level 6 of the Pits of Slime on Mar 18, 2015.
             The game lasted 05:35:26 (58691 turns).

dysrexia the Tengu Blade (Tengu Berserker)         Turns: 58691, Time: 05:35:26

Health: -2/164     AC: 18    Str: 24    XL:     25   Next: 73%
Magic:  3/4        EV:  2    Int: 13    God:    Trog [******]
Gold:   1412       SH:  0    Dex: 26    Spells: 0 memorised, 24 levels left

rFire  + + +     SeeInvis .     b - +9 double sword (antimagic)
rCold  + + +     Clarity  .     G - +7 ice dragon armour of Eteaphot {rElec rPois rF- rC++}
rNeg   . . .     SustAb   .     P - +0 large shield of Hadjma {rF++ MP-9 Dex+4}
rPois  +         Gourm    .     H - +2 hat {Int+3}
rElec  +         Spirit   .     y - +1 cloak
rCorr  +         Warding  .     A - +1 pair of gloves
rMut   .         Stasis   .     (boots unavailable)
MR     ++...                    L - amulet "Twagiw" {rCorr MP-9 Str+4 Dex+4}
Stlth  ..........               Q - ring of the Hundredfold Realms {+Fly rElec rF++ rC+ Str-3 Slay+2}
                                V - +6 ring of evasion

@: paralysed, corroded equipment, flying quickly and evasively, quick, very
resistant to hostile enchantments, extremely unstealthy
A: able to fly continuously, beak, talons 3, large bone plates 1, magic
resistance 1, mutation resistance 1
a: Stop Flying, Burn Spellbooks, Berserk, Trog's Hand, Brothers in Arms,
Renounce Religion
}: 3/15 runes: barnacled, silver, gossamer


You were on level 6 of the Pits of Slime.
You worshipped Trog.
Trog was exalted by your worship.
You were not hungry.

You visited 9 branches of the dungeon, and saw 56 of its levels.
You also visited: Labyrinth, Sewer, Ice Cave, Volcano and Wizlab.

You collected 5391 gold pieces.
You spent 3979 gold pieces at shops.

Inventory:

Hand weapons
 b - a +9 antimagic double sword (weapon)
 s - a +0 blowgun
Missiles
 j - 146 poisoned needles
 M - 9 throwing nets (quivered)
 O - 20 curare-tipped needles
Armour
 y - a +1 cloak (worn)
 A - a +1 pair of gloves (worn)
 G - the +7 ice dragon armour of Eteaphot (worn) {rElec rPois rF- rC++}
   (You bought it in a shop on level 4 of the Orcish Mines)

   It makes you vulnerable to fire.
   It greatly protects you from cold.
   It insulates you from electricity.
   It protects you from poison.
 H - a +2 hat of intelligence (worn)
 P - the +0 large shield of Hadjma (worn) {rF++ MP-9 Dex+4}
   (You bought it in a shop on level 5 of the Shoals)

   It affects your dexterity (+4).
   It greatly protects you from fire.
   It affects your magic capacity (-9).
Jewellery
 d - the ring "Megri" {+cTele SInv}
   (You found it on level 1 of the Lair of Beasts)

   [ring of teleport control]

   It can be evoked for teleport control.
   It enhances your eyesight.
 F - an uncursed amulet of resist mutation
 L - the amulet "Twagiw" (around neck) {rCorr MP-9 Str+4 Dex+4}
   (You bought it in a shop on level 2 of the Shoals)

   [amulet of resist corrosion]

   It protects you from acid and corrosion.
   It affects your strength (+4).
   It affects your dexterity (+4).
   It affects your magic capacity (-9).
 Q - the ring of the Hundredfold Realms (right hand) {+Fly rElec rF++ rC+ Str-3 Slay+2}
   (You took it off a deep elf annihilator on level 3 of the Elven Halls)

   [ring of flight]

   It affects your strength (-3).
   It affects your accuracy and damage with ranged weapons and melee attacks
   (+2).
   It greatly protects you from fire.
   It protects you from cold.
   It insulates you from electricity.
   It lets you fly.
 V - a +6 ring of evasion (left hand)
Magical devices
 a - a wand of disintegration (12)
 D - a wand of teleportation (4)
 Y - a wand of digging (6)
Scrolls
 h - 10 scrolls of identify
 m - 9 scrolls of fear
 p - 14 scrolls of remove curse
 t - 3 scrolls of summoning
 B - 3 scrolls of fog
 J - 5 scrolls of teleportation
 K - 6 scrolls of magic mapping
 N - 2 scrolls of blinking
Potions
 f - 6 potions of resistance
 g - a potion of cure mutation
 k - 10 potions of agility
 n - 2 potions of cancellation
 q - 9 potions of curing
 r - 6 potions of haste
 v - 9 potions of invisibility
 z - 4 potions of might
 S - a potion of brilliance
Miscellaneous
 x - a legendary deck of summoning {the Crusade}
 I - a disc of storms
 T - a fan of gales
 U - a phantom mirror
 Z - an ornate deck of changes {the Elixir}
Comestibles
 c - 21 bread rations
 o - 21 meat rations


   Skills:
 * Level 18.7 Fighting
 - Level 24.7 Long Blades
 - Level 19.5 Armour
 - Level 19.7 Dodging
 - Level 18.9 Shields
 + Level 3.1 Evocations


You had 24 spell levels left.
You didn't know any spells.

Dungeon Overview and Level Annotations

Branches:
Dungeon (15/15)            Temple (0/1) D:6            Lair (8/8) D:11
 Shoals (5/5) Lair:3       Spider (5/5) Lair:4        Slime (6/6) Lair:6
    Orc (4/4) D:9             Elf (3/3) Orc:4        Vaults (5/5) D:13
  Crypt (0/3) Vaults:2     Depths (5/5) D:15            Zot (0/5) Depths:5

Altars:
Cheibriados
Dithmenos
Elyvilon
Fedhas
Gozag
Kikubaaqudgha
Nemelex Xobeh
Okawaru
Ru
Sif Muna
Trog
Yredelemnul
Zin
The Shining One
Beogh

Shops:
D:6 :   D:8 (   D:14 *   Orc:1 ?   Orc:4 %=[=   Shoals:2 =   Shoals:5 [:(
Vaults:5 =}   Depths:1 (   Depths:2 :

Portals:
Hell: Depths:1 Depths:2 Depths:3 Depths:5
Abyss: Depths:4
Pandemonium: Depths:3
Ziggurat: Depths:3

Annotations:
Lair:7 bring flight


Innate Abilities, Weirdness & Mutations

You can fly continuously.
You have a beak for a mouth.
You have claws for feet.
You are partially covered in large bone plates (AC +2, SH +2).
You are resistant to hostile enchantments.
You are somewhat resistant to further mutation.


Message History

* * * LOW HITPOINT WARNING * * *
The acid blob spits acid at you. The splash of acid hits you! You resist.
* * * LOW HITPOINT WARNING * * *
The acid burns!
You resist.
* * * LOW HITPOINT WARNING * * *
The great orb of eyes bites you but does no damage.
The acid blob hits you.
* * * LOW HITPOINT WARNING * * *
You are splashed with acid!
The acid burns!
You resist.
* * * LOW HITPOINT WARNING * * *
The acid blob spits acid at you. The splash of acid hits you! You resist.
* * * LOW HITPOINT WARNING * * *
The acid burns!
You resist.
* * * LOW HITPOINT WARNING * * *
The acid blob spits acid at you.
Helpless, you fail to dodge the splash of acid.
The acid corrodes your equipment!
The acid burns!
You resist.
You die...

.... ..........
............
..............
................
................
................
.........G........
#.......J@.......#
##.......J....#.##
##.........#.#
#.#...#...# # #
###..#### ###


You could see 2 acid blobs and a great orb of eyes.

Vanquished Creatures
  2 ancient liches (Vaults:5)
  Sojobo (Vaults:4)
  A caustic shrike (Depths:3)
  Saint Roka (Orc:4)
  Mennas (Depths:3)
  A golden dragon (Depths:3)
  A bone dragon (Depths:5)
  Nikola (Spider:1)
  5 tentacled monstrosities
  3 liches
  6 quicksilver dragons
  4 titans
  Asterion (Depths:2)
  A kraken (Shoals:5)
  2 deep elf blademasters (Elf:3)
  2 deep elf master archers (Elf:3)
  4 acid blobs
  An Executioner (Elf:3)
  2 octopode crushers
  Rupert (Spider:3)
  5 tengu reavers
  5 storm dragons
  Roxanne (D:14)
  4 sphinxes
  5 shadow dragons
  Ilsuiw (Shoals:5)
  14 fire giants
  4 orc warlords
  An azure jelly (Slime:4)
  Donald (Spider:3)
  Wiglaf (Spider:3)
  An iron dragon (Depths:4)
  17 vault wardens
  Aizul (Elf:1)
  4 ghost moths
  A balrug (Depths:2)
  7 frost giants
  2 spriggan defenders
  11 deep elf sorcerers
  6 emperor scorpions
  Jorgrun (Spider:3)
  15 ironheart preservers
  A ghoul (Vaults:2)
  2 draconian shifters (Depths:5)
  8 very ugly things
  19 stone giants
  2 grey draconians (Depths:5)
  2 vampire knights
  8 deep elf demonologists
  A mottled draconian (Depths:5)
  2 pale draconians (Depths:5)
  6 deep elf annihilators
  A black draconian (Depths:5)
  7 purple draconians (WizLab)
  3 dire elephants
  9 deep elf death magi
  A yellow draconian (Depths:5)
  Snorg (Spider:5)
  32 vault guards
  3 merfolk javelineers
  2 blizzard demons (IceCv)
  7 merfolk impalers
  3 minotaurs
  13 ettins
  8 fire dragons
  5 deep elf high priests
  5 great orbs of eyes
  3 rakshasas
  Fannar (Elf:1)
  9 ice dragons
  17 yaktaur captains
  13 ogre magi
  3 centaur warriors
  A spectral sphinx (Depths:4)
  4 spriggan air magi
  A ghost crab (shapeshifter) (D:15)
  6 hydras
  5 merfolk avatars
  4 catoblepae
  5 deep troll earth magi
  An alligator snapping turtle (Shoals:5)
  18 dancing weapons
  4 deep troll shamans
  4 merfolk aquamancers
  A tengu warrior (Depths:4)
  2 vampire magi
  4 spriggan berserkers
  21 death yaks
  3 orc high priests
  15 deep elf knights
  2 sun demons (Depths:2)
  7 hell knights
  An iron troll (Depths:1)
  2 skeletal warriors
  A fire crab (shapeshifter) (Vaults:4)
  An unseen horror (shapeshifter) (Depths:5)
  5 ice devils (IceCv)
  35 deep trolls
  5 flayed ghosts
  An unseen horror (D:11)
  A swamp dragon (shapeshifter) (Vaults:3)
  12 deep elf summoners
  2 lindwurms
  An ice statue (IceCv)
  8 sea snakes
  An obsidian statue (Depths:1)
  21 ironbrand convokers
  4 necromancers
  7 giant orange brains
  An orb spider (shapeshifter) (Vaults:3)
  8 hill giants
  7 wizards
  A wolf spider zombie (D:15)
  10 statues
  14 orc knights
  An octopode zombie (Depths:4)
  3 orc sorcerers
  9 orb spiders
  20 harpies
  A shining eye (Slime:4)
  37 ugly things
  11 manticores
  4 fauns
  5 cyclopes
  20 deep elf conjurers
  A moth of wrath (Spider:4)
  10 phantasmal warriors
  36 wolf spiders
  A black mamba (shapeshifter) (Depths:4)
  A frost giant zombie (Depths:2)
  17 griffons
  2 cyclopes (shapeshifter)
  11 elephants
  2 octopodes (shapeshifter)
  4 hornets
  2 guardian serpents (shapeshifter)
  A smoke demon (Depths:2)
  4 small abominations
  A fire giant skeleton (Depths:2)
  2 human skeletons (Vaults:5)
  6 water nymphs
  9 sirens
  11 spiny frogs
  A gargoyle (D:13)
  A titan simulacrum (Depths:4)
  A torpor snail (shapeshifter) (Depths:3)
  4 black mambas
  16 vault sentinels
  An eye of devastation (Slime:4)
  2 centaur skeletons
  2 orange crystal statues (Depths:1)
  4 komodo dragons
  3 torpor snails
  46 yaktaurs
  5 kobold demonologists
  2 elves (shapeshifter)
  2 fire drakes (Volcano)
  19 demonic crawlers
  3 anaconda simulacra (IceCv)
  7 freezing wraiths
  A tengu conjurer (Elf:1)
  2 golden dragon simulacra (IceCv)
  A troll (shapeshifter) (Vaults:3)
  15 deep elf priests
  21 merfolk
  A wind drake (Shoals:1)
  16 jumping spiders
  2 polar bears
  4 wandering mushrooms (Lab)
  4 trolls
  2 blue devils (IceCv)
  A slime creature (shapeshifter) (Depths:4)
  40 slime creatures
  A raven (shapeshifter) (Vaults:4)
  10 snapping turtles
  10 two-headed ogres
  A queen bee (shapeshifter) (Vaults:2)
  2 ravens
  A raiju (shapeshifter) (Depths:5)
  A stone giant simulacrum (Vaults:5)
  5 boulder beetles
  A boulder beetle (shapeshifter) (Vaults:5)
  A tengu simulacrum (Vaults:3)
  2 wyverns
  19 trapdoor spiders
  4 air elementals
  4 basilisks
  42 deep elf magi
  2 shadows
  A trapdoor spider (shapeshifter) (D:15)
  A frost giant simulacrum (Vaults:5)
  A tarantella (shapeshifter) (D:15)
  2 dire elephant simulacra (IceCv)
  A flying skull (Vaults:2)
  21 blink frogs
  A yak (shapeshifter) (D:14)
  2 death yak simulacra (IceCv)
  56 redbacks
  7 fire bats (Volcano)
  32 tarantellas
  3 wraiths
  4 spriggans
  13 water elementals
  40 yaks
  A human (shapeshifter) (Vaults:2)
  A golden eye (shapeshifter) (D:15)
  36 deep elf fighters
  16 humans
  A raven zombie (Depths:4)
  A soldier ant (D:13)
  An elf skeleton (Depths:2)
  6 hungry ghosts
  2 steam dragons
  5 harpy simulacra (IceCv)
  6 golden eyes (Slime:5)
  2 mottled dragons
  11 vampire mosquitoes
  11 wolves
  An iron troll simulacrum (IceCv)
  11 wargs
  16 water moccasins
  17 hippogriffs
  2 swamp worms (Lair:8)
  2 hydra simulacra (IceCv)
  6 porcupines
  3 phantoms
  10 wasps
  5 sky beasts
  33 spiders
  4 ice beasts
  2 black bears (Lair:1)
  An alligator simulacrum (IceCv)
  A boring beetle (Spider:4)
  19 crocodiles
  51 ogres
  4 necrophages
  6 eyes of draining
  3 boggarts
  A boring beetle (shapeshifter) (Depths:4)
  20 giant frogs
  16 centaurs
  Duvessa (D:4)
  49 orc warriors
  14 big kobolds
  2 earth elementals (Lab)
  A wyvern skeleton (D:8)
  An ogre simulacrum (Vaults:1)
  6 scorpions
  4 wights (D:14)
  14 killer bees
  2 electric eels
  A human simulacrum (Vaults:2)
  An elephant simulacrum (IceCv)
  3 draconian simulacra (IceCv)
  Dowan (D:4)
  7 crimson imps
  4 centaur zombies
  4 giant frog zombies
  3 goliath beetles
  7 jellies
  2 quasits
  4 hell rats
  2 wasp zombies
  7 lava snakes (Volcano)
  32 orc priests
  15 hounds
  2 giant frog skeletons
  29 orc wizards
  A spriggan simulacrum (IceCv)
  12 iguanas
  2 troll simulacra (IceCv)
  A gnoll shaman (D:7)
  11 worker ants
  28 sheep
  4 centaur simulacra (IceCv)
  A hound zombie (D:9)
  4 mummies (D:10)
  2 worker ant zombies
  7 gnolls
  6 shadow imps
  3 naga simulacra (IceCv)
  26 adders
  A giant mite (D:7)
  54 river rats
  3 white imps
  4 worms
  8 ufetubi
  An adder skeleton (D:5)
  An adder zombie (D:9)
  4 giant geckos
  2 oozes
  235 orcs
  16 bats
  A bat skeleton (D:3)
  5 giant cockroaches
  A goblin (shapeshifter) (Vaults:5)
  14 hobgoblins
  4 jackals
  2 ball pythons
  A giant gecko skeleton (D:4)
  12 giant newts
  11 goblins
  A jackal skeleton (D:6)
  A jackal zombie (D:5)
  53 kobolds
  6 quokkas
  3 quokka skeletons
  A quokka zombie (D:7)
  12 rats
  4 rat skeletons (Orc:4)
  4 crawling corpses
  3 fungi
  8 plants
2491 creatures vanquished.

Vanquished Creatures (collateral kills)
  A Hell Sentinel (Vaults:5)
  A frost giant (Depths:4)
  2 ironheart preservers
  A merfolk javelineer (Shoals:5)
  An ettin (Vaults:5)
  A minotaur (Lab)
  A merfolk impaler (Shoals:5)
  An orc high priest (Orc:4)
  2 orc knights (Orc:4)
  3 wolf spiders (Spider:5)
  2 orc sorcerers (Orc:4)
  2 hornets (Spider:5)
  An orb spider (Spider:5)
  2 vault sentinels
  A siren (Shoals:5)
  A merfolk (Shoals:5)
  A red devil (Vaults:5)
  2 blink frogs (Lair:1)
  A tarantella (Spider:5)
  A trapdoor spider (Spider:5)
  5 water elementals (Shoals:5)
  A spriggan (Depths:4)
  A chaos spawn (Orc:4)
  2 orc warriors (Orc:4)
  An ogre (Vaults:5)
  2 yak skeletons (Orc:4)
  An orc priest (Orc:4)
  4 orc zombies (Orc:4)
  2 orcs (Orc:4)
  6 rat skeletons (Orc:4)
53 creatures vanquished.

Vanquished Creatures (others)
  An ironheart preserver (Vaults:5)
  2 stone giants
  A vault guard (Vaults:3)
  A spriggan air mage (Depths:4)
  A deep elf summoner (Elf:2)
  2 hill giants
  A necromancer (Vaults:5)
  12 drowned souls
  4 trolls
  An air elemental (Depths:4)
  A spriggan (Depths:4)
  A trapdoor spider (Spider:5)
  2 deep elf magi (WizLab)
  A deep elf fighter (Vaults:4)
  2 ogres (Vaults:5)
  A boggart (Vaults:2)
  2 wasps (Depths:4)
  2 ufetubi
  An orc (Orc:4)
  A giant spore (D:7)
  A kobold (D:7)
  A rat skeleton (Orc:4)
  A wandering mushroom (Lab)
  8 fungi (Lair:8)
  4 plants
  3 tentacles (Shoals:5)
58 creatures vanquished.

Grand Total: 2602 creatures vanquished

Notes
Turn   | Place    | Note
--------------------------------------------------------------
     0 | D:1      | dysrexia, the Tengu Berserker, began the quest for the Orb.
     0 | D:1      | Reached XP level 1. HP: 14/14 MP: 1/1
   337 | D:1      | Reached XP level 2. HP: 19/19 MP: 3/3
   660 | D:2      | Reached skill level 4 in Long Blades
   756 | D:2      | Acquired Trog's second power
   778 | D:2      | Reached XP level 3. HP: 19/23 MP: 4/4
  1044 | D:2      | Reached skill level 5 in Long Blades
  1318 | D:3      | Found a glowing golden altar of the Shining One.
  1344 | D:3      | Reached XP level 4. HP: 19/28 MP: 5/5
  1448 | D:3      | Found a glowing drain.
  1577 | Sewer    | Entered a sewer
  1664 | Sewer    | Noticed a crocodile
  1672 | Sewer    | Killed a crocodile
  1672 | Sewer    | Reached skill level 6 in Long Blades
  1672 | Sewer    | Reached XP level 5. HP: 32/32 MP: 7/7
  1798 | D:3      | Found a bloodstained altar of Trog.
  1798 | D:3      | Found an iron altar of Okawaru.
  2105 | D:3      | Found a white marble altar of Elyvilon.
  2306 | D:4      | Reached skill level 7 in Long Blades
  2306 | D:4      | Reached XP level 6. HP: 23/37 MP: 8/8
  2569 | D:4      | Noticed an ice beast
  2575 | D:4      | Killed an ice beast
  2575 | D:4      | Reached skill level 8 in Long Blades
  2703 | D:4      | Noticed Duvessa
  2703 | D:4      | Noticed Dowan
  2714 | D:4      | Killed Duvessa
  2714 | D:4      | Reached XP level 7. HP: 39/41 MP: 9/9
  2722 | D:4      | Killed Dowan
  2759 | D:4      | Found a snail-covered altar of Cheibriados.
  2973 | D:4      | Found a blossoming altar of Fedhas.
  3060 | D:5      | Entered Level 5 of the Dungeon
  3176 | D:5      | Reached skill level 9 in Long Blades
  3227 | D:5      | Gained mutation: You are somewhat resistant to further mutation. [mutagenic meat]
  3228 | D:5      | Gained mutation: You are resistant to hostile enchantments. [mutagenic meat]
  3244 | D:5      | Found a basalt altar of Yredelemnul.
  3447 | D:5      | Reached skill level 10 in Long Blades
  3461 | D:5      | Reached XP level 8. HP: 31/46 MP: 11/11
  3607 | D:5      | Acquired Trog's third power
  3810 | D:5      | Found a sacrificial altar of Ru.
  4008 | D:6      | Reached skill level 11 in Long Blades
  5073 | D:6      | Reached skill level 12 in Long Blades
  5177 | D:6      | Reached XP level 9. HP: 50/50 MP: 12/12
  5650 | D:6      | Found a staircase to the Ecumenical Temple.
  5810 | D:6      | Found Falerch's Book Emporium.
  6021 | D:7      | Reached skill level 5 in Fighting
  6097 | D:7      | Found a shadowy altar of Dithmenos.
  6136 | D:7      | Noticed an ogre
  6200 | D:7      | Killed an ogre
  6854 | D:7      | Found a deep blue altar of Sif Muna.
  6922 | D:8      | Found a sparkling altar of Nemelex Xobeh.
  7234 | D:8      | Reached XP level 10. HP: 57/64 MP: 13/13
  7340 | D:8      | Found an opulent altar of Gozag.
  7393 | D:8      | Received a gift from Trog
  7461 | D:8      | Found Nanegix's Antique Weapon Emporium.
  8172 | D:9      | Found a staircase to the Orcish Mines.
  8296 | D:9      | Received a gift from Trog
  8322 | D:9      | Found a glowing silver altar of Zin.
  8425 | D:9      | Reached skill level 10 in Fighting
  8595 | D:9      | Identified a +0 rod of inaccuracy (10/10) (You found it on level 9 of the Dungeon)
  9360 | D:10     | Entered Level 10 of the Dungeon
  9364 | D:10     | Identified a scroll of acquirement
  9775 | D:10     | Reached skill level 1 in Shields
 10160 | D:11     | Found a staircase to the Lair.
 10160 | D:11     | Noticed an elephant
 10170 | D:11     | Killed an elephant
 10170 | D:11     | Reached XP level 11. HP: 74/74 MP: 5/15
 10400 | D:11     | Killed an unseen horror
 10400 | D:11     | Reached skill level 5 in Armour
 10400 | D:11     | Reached skill level 5 in Dodging
 10435 | D:11     | Found a labyrinth entrance.
 10448 | Lab      | Entered a labyrinth
 10613 | Lab      | Received a gift from Trog
 11695 | Lab      | Noticed a minotaur
 11705 | Lab      | Killed a minotaur
 11790 | D:11     | Identified a +1 rod of destruction (9/9) (You found it in a labyrinth)
 11835 | D:11     | Identified Claob's Tome of the Voyage
 11874 | D:11     | Reached skill level 5 in Shields
 11902 | D:11     | Noticed a hill giant
 11945 | D:11     | Killed a hill giant
 12005 | D:11     | Noticed a cyclops
 12031 | D:11     | Killed a cyclops
 12435 | Lair:1   | Entered Level 1 of the Lair of Beasts
 12570 | Lair:1   | Reached XP level 12. HP: 31/80 MP: 5/16
 13378 | Lair:1   | Got a pitted lapis lazuli ring
 13433 | Lair:1   | Noticed an eight-headed hydra
 13447 | Lair:1   | Killed an eight-headed hydra
 14444 | Lair:1   | Identified the ring "Megri" {+cTele SInv} (You found it on level 1 of the Lair of Beasts)
 14465 | Lair:1   | Noticed a four-headed hydra
 14474 | Lair:1   | Killed a four-headed hydra
 14712 | Lair:2   | Received a gift from Trog
 16290 | Lair:3   | Upgraded the game from 0.16.0-11-gd45b091 to 0.16.0-12-g7215832
 16361 | Lair:3   | Found a staircase to the Shoals.
 16433 | Lair:4   | Reached XP level 13. HP: 76/84 MP: 5/17
 16554 | Lair:4   | Reached skill level 10 in Dodging
 16606 | Lair:4   | Found a hole to the Spider Nest.
 17051 | Lair:5   | Reached skill level 10 in Armour
 17059 | Lair:5   | Received a gift from Trog
 17753 | Lair:6   | Found a blossoming altar of Fedhas.
 17835 | Lair:6   | Found a sacrificial altar of Ru.
 17956 | Lair:6   | Found a staircase to the Slime Pits.
 18105 | Lair:7   | Found a dark tunnel.
 18116 | Volcano  | Entered a volcano
 18327 | Volcano  | Reached skill level 10 in Shields
 18336 | Volcano  | Received a gift from Trog
 18340 | Volcano  | Found a burning altar of Makhleb.
 19355 | Lair:7   | Reached skill level 13 in Long Blades
 19571 | Lair:8   | Entered Level 8 of the Lair of Beasts
 19933 | Lair:8   | Received a gift from Trog
 19939 | Lair:8   | Reached XP level 14. HP: 83/90 MP: 18/18
 20053 | Lair:8   | Reached skill level 14 in Long Blades
 20348 | Lair:8   | Reached skill level 15 in Long Blades
 21067 | Lair:8   | Reached skill level 16 in Long Blades
 21341 | Lair:8   | Received a gift from Trog
 21734 | Orc:1    | Entered Level 1 of the Orcish Mines
 21746 | Orc:1    | Received a gift from Trog
 21995 | Orc:1    | Found Struatosk's Magic Scroll Shoppe.
 22090 | Orc:1    | Bought a scroll of enchant weapon for 82 gold pieces
 22090 | Orc:1    | Bought a scroll of identify for 22 gold pieces
 22090 | Orc:1    | Bought a scroll of holy word for 82 gold pieces
 22090 | Orc:1    | Bought a scroll of fog for 22 gold pieces
 22090 | Orc:1    | Bought a scroll of teleportation for 33 gold pieces
 22090 | Orc:1    | Bought a scroll of enchant armour for 82 gold pieces
 22124 | Orc:2    | Received a gift from Trog
 22164 | Orc:2    | Got a brightly glowing long sword {god gift}
 22165 | Orc:2    | Identified the +11 long sword of the Undead {elec, rF++ rC+ Str-2} (Trog gifted it to you on level 2 of the Orcish Mines)
 22407 | Orc:3    | Noticed an orc warlord
 22407 | Orc:3    | Received a gift from Trog
 22471 | Orc:3    | Found a glowing silver altar of Zin.
 22739 | Orc:3    | Killed an orc warlord
 23008 | Orc:4    | Entered Level 4 of the Orcish Mines
 23079 | Orc:4    | Found a staircase to the Elven Halls.
 23203 | Orc:4    | Noticed Saint Roka
 23219 | Orc:4    | HP: 3/90 [orc warrior/hand axe (7)]
 23511 | Orc:4    | Reached skill level 17 in Long Blades
 23783 | Orc:4    | Received a gift from Trog
 24323 | Orc:4    | Killed Saint Roka
 24323 | Orc:4    | Received a gift from Trog
 24323 | Orc:4    | Reached XP level 15. HP: 94/94 MP: 6/19
 24701 | Orc:4    | Reached skill level 18 in Long Blades
 24927 | Orc:4    | Found Ruomy's Jewellery Boutique.
 24928 | Orc:4    | Found Vosoekle's Food Shoppe.
 24929 | Orc:4    | Found Uler Bipt's Jewellery Boutique.
 24929 | Orc:4    | Found Reomm's Armour Shoppe.
 24959 | Orc:4    | Bought an uncursed amulet of clarity for 320 gold pieces
 24963 | Orc:4    | Bought the +7 ice dragon armour of Eteaphot {rElec rPois rF- rC++} for 1310 gold pieces
 25266 | D:12     | Received a gift from Trog
 25957 | D:13     | Found a gate to the Vaults.
 26346 | D:13     | Reached skill level 19 in Long Blades
 27008 | D:13     | Received a gift from Trog
 27453 | Spider:1 | Entered Level 1 of the Spider Nest
 27871 | Spider:1 | Found a frozen archway.
 27886 | Spider:1 | Noticed Nikola
 27895 | Spider:1 | Killed Nikola
 27914 | IceCv    | Entered an ice cave
 28163 | IceCv    | Reached XP level 16. HP: 101/101 MP: 6/20
 28661 | IceCv    | Got an ancient hat
 28713 | Spider:1 | Identified the +0 hat of Jyjer {rElec rPois rN+ Str+4 Dex-4} (You found it in an ice cave)
 28857 | Spider:1 | Received a gift from Trog
 29916 | Spider:2 | Received a gift from Trog
 30206 | Spider:3 | Noticed Jorgrun
 30224 | Spider:3 | Killed Jorgrun
 30624 | Spider:3 | Noticed Wiglaf
 30635 | Spider:3 | Killed Wiglaf
 30820 | Spider:3 | Noticed Rupert
 30842 | Spider:3 | Killed Rupert
 31116 | Spider:4 | Noticed Donald
 31143 | Spider:3 | Killed Donald
 31414 | Spider:4 | Received a gift from Trog
 31643 | Spider:5 | Entered Level 5 of the Spider Nest
 31738 | Spider:5 | Noticed Snorg
 31756 | Spider:5 | Killed Snorg
 31756 | Spider:5 | Reached XP level 17. HP: 75/109 MP: 7/21
 32361 | Spider:5 | Received a gift from Trog
 32890 | Spider:5 | Got a gossamer rune of Zot
 33245 | Shoals:1 | Entered Level 1 of the Shoals
 33759 | Shoals:2 | Received a gift from Trog
 33819 | Shoals:2 | Found Kayhuis' Jewellery Boutique.
 34783 | Shoals:3 | Reached XP level 18. HP: 118/118 MP: 7/21
 35201 | Shoals:4 | Reached skill level 15 in Fighting
 35416 | Shoals:5 | Entered Level 5 of the Shoals
 35416 | Shoals:5 | Found an ancient bone altar of Kikubaaqudgha.
 35429 | Shoals:5 | Found Remo's Antique Armour Boutique.
 35437 | Shoals:5 | Found Waggul's Book Emporium.
 35446 | Shoals:5 | Bought an embroidered cloak for 162 gold pieces
 35446 | Shoals:5 | Bought a smoking large shield for 342 gold pieces
 35463 | Shoals:5 | Identified the cursed +0 large shield of Hadjma {rF++ MP-9 Dex+4} (You bought it in a shop on level 5 of the Shoals)
 35529 | Shoals:5 | Found an ancient bone altar of Kikubaaqudgha.
 35557 | Shoals:5 | Got a smoking sapphire amulet
 35563 | Shoals:5 | Identified the amulet of the Leaf {Clar rF+ rC+ rN+ Str-5 Int+2} (You found it on level 5 of the Shoals)
 35616 | Shoals:5 | Found Psag's Weapon Shop.
 35794 | Shoals:5 | Noticed Ilsuiw
 36268 | Shoals:5 | Received a gift from Trog
 36466 | Shoals:5 | Killed Ilsuiw
 36794 | Shoals:5 | Got a barnacled rune of Zot
 37017 | Lair:1   | Gained mutation: You are partially covered in large bone plates (AC +2, SH +2). [potion of beneficial mutation]
 37112 | Vaults:1 | Entered Level 1 of the Vaults
 37590 | Vaults:1 | Received a gift from Trog
 37800 | Vaults:1 | HP: 5/120 [vault warden/war axe of chopping (9)]
 38754 | Vaults:2 | Reached XP level 19. HP: 125/125 MP: 7/22
 38858 | Vaults:2 | Received a gift from Trog
 40029 | Vaults:2 | Found a staircase to the Crypt.
 40088 | Vaults:2 | Received a gift from Trog
 41209 | Vaults:3 | Received a gift from Trog
 41215 | Vaults:3 | Reached skill level 15 in Shields
 41439 | Vaults:3 | Reached skill level 15 in Dodging
 41448 | Vaults:3 | Reached skill level 15 in Armour
 41451 | Vaults:3 | Reached XP level 20. HP: 115/134 MP: 7/23
 41663 | Vaults:3 | Received a gift from Trog
 42477 | Vaults:4 | Received a gift from Trog
 43223 | Vaults:4 | Received a gift from Trog
 43592 | Vaults:4 | Noticed Sojobo
 43602 | Vaults:4 | Killed Sojobo
 43602 | Vaults:4 | Reached XP level 21. HP: 120/142 MP: 7/23
 44227 | Orc:4    | Bought the ring of Poirorresm {MR+ Str+4} for 646 gold pieces
 44295 | Elf:1    | Entered Level 1 of the Elven Halls
 44675 | Elf:1    | Found Zeubach's Weapon Boutique.
 44690 | Elf:1    | Noticed Aizul
 44701 | Elf:1    | Killed Aizul
 44779 | Elf:1    | Received a gift from Trog
 45096 | Elf:1    | Noticed Fannar
 45103 | Elf:1    | Killed Fannar
 45704 | Elf:2    | Reached skill level 20 in Long Blades
 45835 | Elf:2    | Found a runed gate.
 45835 | Elf:2    | Found a runed gate.
 45835 | Elf:2    | Found a runed gate.
 46135 | Elf:2    | Received a gift from Trog
 46369 | Elf:3    | Entered Level 3 of the Elven Halls
 46474 | Elf:3    | Found a magical portal.
 46486 | WizLab   | Entered Iskenderun's Mystic Tower
 46745 | WizLab   | Identified Phoajamus' Volume of Greatest Risks and Utility
 46777 | WizLab   | Identified Iskenderun's Grimoire of Attacks
 46777 | WizLab   | Identified Iskenderun's Reference Book on Attacks
 47336 | Elf:3    | Identified a +1 rod of destruction (11/11) (You found it on level 3 of the Elven Halls)
 47452 | Elf:3    | Received a gift from Trog
 47653 | Elf:3    | Reached XP level 22. HP: 118/148 MP: 5/24
 47657 | Elf:3    | Got a ring of the Octopus King
 47744 | Elf:3    | Identified a ring of the Octopus King {rN+ AC+1 EV+1 Str+1 Int+1 Dex+1} (You took it off a deep elf master archer on level 3 of the Elven Halls)
 47761 | Elf:3    | Got a steaming steel ring
 47764 | Elf:3    | Identified the ring of the Hundredfold Realms {+Fly rElec rF++ rC+ Str-3 Slay+2} (You took it off a deep elf annihilator on level 3 of the Elven Halls)
 47781 | Elf:3    | Got a twitching jade ring
 47783 | Elf:3    | Identified the ring of Etromunk {MP+9 Int+3} (You found it on level 3 of the Elven Halls)
 48303 | Elf:3    | Identified the Grimoire of Black Secrets (You found it on level 3 of the Elven Halls)
 48311 | Elf:3    | Identified the Papyrus of Poisoning (You found it on level 3 of the Elven Halls)
 48794 | Shoals:3 | Reached skill level 21 in Long Blades
 48837 | Shoals:2 | Bought the amulet "Twagiw" {rCorr MP-9 Str+4 Dex+4} for 876 gold pieces
 48985 | Slime:1  | Entered Level 1 of the Pits of Slime
 49060 | Lair:5   | Received a gift from Trog
 49680 | D:14     | Noticed Roxanne
 49707 | D:14     | Killed Roxanne
 49710 | D:14     | Identified Roxanne's Almanac of Shape Shifting (You took it off Roxanne on level 14 of the Dungeon)
 49799 | D:14     | Found Tre Sul's General Store.
 49883 | D:15     | Entered Level 15 of the Dungeon
 49893 | D:15     | Received a gift from Trog
 50003 | D:15     | Found a bloodstained altar of Trog.
 50465 | D:15     | Found a staircase to the Depths.
 50503 | Depths:1 | Entered Level 1 of the Depths
 50529 | Depths:1 | Found a gateway to Hell.
 50570 | Depths:1 | Received a gift from Trog
 50768 | Depths:1 | Found Threkese's Antique Weapon Shoppe.
 50784 | Depths:1 | Got a bloodstained plate armour
 50785 | Depths:1 | Identified the +4 plate armour of Hospitality {-Cast rF++} (You acquired it on level 1 of the Depths)
 51182 | Depths:2 | Noticed Asterion
 51191 | Depths:2 | Killed Asterion
 51399 | Depths:2 | Found a roughly hewn altar of Beogh.
 51418 | Depths:2 | Received a gift from Trog
 51779 | Depths:2 | Found Pruegguh's Book Shop.
 52053 | Depths:3 | Noticed Mennas
 52081 | Depths:3 | Killed Mennas
 52081 | Depths:3 | Reached XP level 23. HP: 152/152 MP: 2/25
 52183 | Depths:3 | Reached skill level 22 in Long Blades
 52400 | Depths:3 | Found a gateway to a ziggurat.
 52427 | Depths:3 | Noticed a caustic shrike
 52432 | Depths:3 | Killed a caustic shrike
 52485 | Depths:3 | Received a gift from Trog
 52696 | Depths:3 | Found a one-way gate leading to the halls of Pandemonium.
 53047 | Depths:4 | Found a one-way gate to the infinite horrors of the Abyss.
 53446 | Depths:4 | Received a gift from Trog
 53790 | Depths:5 | Entered Level 5 of the Depths
 54150 | Depths:5 | Reached skill level 23 in Long Blades
 54157 | Depths:5 | Reached XP level 24. HP: 131/159 MP: 2/25
 54432 | Depths:5 | Found a gate to the Realm of Zot.
 55387 | Vaults:5 | Entered Level 5 of the Vaults
 55393 | Vaults:4 | Received a gift from Trog
 56016 | Vaults:5 | Noticed an ancient lich
 56104 | Vaults:5 | Received a gift from Trog
 56378 | Vaults:5 | Killed an ancient lich
 56398 | Vaults:5 | Noticed an ancient lich
 56722 | Vaults:5 | HP: 1/159 [titan/the air (27)]
 56730 | Vaults:5 | Reached skill level 24 in Long Blades
 57016 | Vaults:5 | Reached XP level 25. HP: 157/164 MP: 2/25
 57049 | Vaults:5 | Killed an ancient lich
 57059 | Vaults:5 | Received a gift from Trog
 57131 | Vaults:5 | Found Jeeghas' Gadget Shoppe.
 57215 | Vaults:5 | Found Aruompif's Jewellery Boutique.
 57763 | Vaults:5 | Got a silver rune of Zot
 58421 | Slime:2  | Reached skill level 1 in Evocations
 58475 | Slime:4  | Received a gift from Trog
 58678 | Slime:6  | Entered Level 6 of the Pits of Slime
 58685 | Slime:6  | Paralysed by a great orb of eyes for 6 turns
 58691 | Slime:6  | HP: 8/164 [acid blob/splash of acid (7)]
 58691 | Slime:6  | Splashed by an acid blob's acid

Action                   |  1- 3 |  4- 6 |  7- 9 | 10-12 | 13-15 | 16-18 | 19-21 | 22-24 | 25-27 || total
-------------------------+-------+-------+-------+-------+-------+-------+-------+-------+-------++-------
Melee: Falchion          |    75 |   135 |   215 |       |       |       |       |       |       ||   425
       Long sword        |       |       |   119 |     5 |       |       |       |       |       ||   124
       Scimitar          |       |       |       |   788 |   230 |       |       |       |       ||  1018
       Triple sword      |       |       |       |     5 |       |       |       |       |       ||     5
       Short sword       |       |       |       |    28 |       |       |       |       |       ||    28
       Demon blade       |       |       |       |       |   375 |       |       |     5 |       ||   380
       Double sword      |       |       |       |       |   765 |  1266 |  1345 |  1338 |   274 ||  4988
 Fire: Blowgun           |       |       |    26 |    14 |     2 |     8 |     9 |       |       ||    59
Throw: Stone             |       |     1 |     1 |     1 |     3 |     1 |       |       |       ||     7
Invok: Berserk           |     1 |     3 |     3 |     6 |    10 |     4 |       |     1 |       ||    28
       Brothers in Arms  |       |       |       |     2 |     2 |     3 |     2 |     7 |     1 ||    17
       Trog's Hand       |       |       |       |     1 |     3 |     4 |     5 |     3 |     1 ||    17
 Abil: Fly               |       |       |       |       |     1 |       |     1 |     1 |       ||     3
       Stop Flying       |       |       |       |       |       |       |     1 |     1 |       ||     2
Evoke: Wand              |       |       |       |     2 |       |       |     2 |       |       ||     4
  Use: Scroll            |     7 |       |     5 |    15 |    13 |    13 |     3 |    16 |     5 ||    77
       Potion            |       |       |     1 |     1 |     2 |     4 |     2 |    14 |     1 ||    25
 Stab: Distracted        |       |       |       |     1 |       |       |       |       |       ||     1
       Invisible         |       |       |       |       |     2 |       |    12 |       |       ||    14
       Fleeing           |       |       |       |       |       |     1 |       |       |       ||     1
  Eat: Chunk             |     1 |     7 |    16 |    25 |    44 |    21 |    11 |    14 |     3 ||   142
       Beef jerky        |       |     1 |     1 |     2 |     2 |       |     5 |     1 |     1 ||    13
       Royal jelly       |       |       |     1 |     1 |       |       |       |     3 |       ||     5
       Fruit             |       |       |       |     5 |     1 |    13 |    13 |     2 |     3 ||    37
       Pizza             |       |       |       |     1 |     1 |     1 |       |     3 |       ||     6
       Meat ration       |       |       |       |     1 |       |       |       |       |       ||     1
       Bread ration      |       |       |       |       |       |     1 |       |     1 |       ||     2
